 Dungeon Crawl Stone Soup version 0.24.1-14-gf8d2b509d9 (webtiles) character file.

Game seed: 6761859498774640451, levelgen mode: deterministic

13897 Descartes the Protected (level 12, -10/99 HPs)
             Began as a Formicid Fighter on May 16, 2020.
             Was a Priest of Qazlal.
             Mangled by a tyrant leech (19 damage)
             ... on level 2 of the Lair of Beasts.
             The game lasted 00:33:33 (12166 turns).

Descartes the Protected (Formicid Fighter)         Turns: 12166, Time: 00:33:34

Health: -10/99     AC: 20    Str: 24    XL:     12   Next: 38%
Magic:  18/18      EV:  9    Int:  9    God:    Qazlal [***...]
Gold:   612        SH: 16    Dex: 16    Spells: 11/11 levels left

rFire    + + +     SeeInvis +   H - +1 scimitar (flame)
rCold    . . .     Gourm    .   c - +0 shield
rNeg     . . .     Faith    .   j - +0 fire dragon scales
rPois    .         Spirit   .   (helmet unavailable)
rElec    .         Reflect  .   (no cloak)
rCorr    +         Harm     .   (no gloves)
MR       +....                  O - +2 pair of boots {run}
Stlth    ..........             (no amulet)
HPRegen  0.26/turn              h - ring of the Mutiny {rF+ rC+ rCorr Str+2 Dex+3}
MPRegen  0.16/turn              J - +5 ring of protection

@: quick
A: permanent stasis, dig shafts and tunnels, four strong arms, antennae 3
a: Dig, Shaft Self, Upheaval, Elemental Force, Renounce Religion


You were on level 2 of the Lair of Beasts.
You worshipped Qazlal.
Qazlal was most pleased with you.
You were very hungry.

You visited 3 branches of the dungeon, and saw 11 of its levels.
You also visited: Ossuary and Volcano.

You collected 612 gold pieces.

Inventory:

Hand Weapons
 e - a +1 scythe of pain
 m - a +1 flail of draining
 r - a +1 lajatang of flaming
 u - a +0 battleaxe
 v - a +1 whip of holy wrath
 H - a +1 scimitar of flaming (weapon)
 R - the +3 dagger "Miedelat" {pierce, +Blink rElec Str-3 Int+2}
   (You found it on level 7 of the Dungeon)

   It inflicts extra damage upon your enemies.
   It affects your strength (-3).
   It affects your intelligence (+2).
   It insulates you from electricity.
   It lets you blink.
Missiles
 i - 7 datura-tipped darts (quivered)
 n - 41 poisoned darts
 o - 3 throwing nets
 C - 7 boomerangs
 E - 148 stones
 G - 118 arrows
 Y - 8 javelins
Armour
 c - a +0 shield (worn)
 j - +0 fire dragon scales (worn)
 O - a +2 pair of boots of running (worn)
Jewellery
 h - the ring of the Mutiny (left hand) {rF+ rC+ rCorr Str+2 Dex+3}
   (You found it on level 1 of the Lair of Beasts)

   [ring of resist corrosion]

   It affects your strength (+2).
   It affects your dexterity (+3).
   It protects you from fire.
   It protects you from cold.
   It provides partial protection from all sources of acid and corrosion.
 y - an uncursed ring of protection from fire
 J - a +5 ring of protection (right hand)
 L - a +5 ring of strength
Wands
 p - a wand of random effects (20)
 s - a wand of polymorph (7)
 x - a wand of scattershot (3)
 M - a wand of acid (3)
 Q - a wand of flame (13)
 Z - a wand of iceblast (8)
Scrolls
 a - a scroll of silence {unknown}
 k - 3 scrolls of amnesia {unknown}
 l - 3 scrolls of fog
 q - 2 scrolls of enchant armour
 w - 2 scrolls of magic mapping
 K - 3 scrolls of noise {unknown}
 P - a scroll of blinking {unknown}
 S - 5 scrolls of remove curse {unknown}
Potions
 b - 2 potions of cancellation
 d - 7 potions of might
 g - a potion of heal wounds
 t - 2 potions of flight {unknown}
 A - a potion of resistance {unknown}
 B - 3 potions of curing
 D - a potion of lignification
 F - 3 potions of brilliance
 N - 3 potions of agility
 T - a potion of ambrosia {unknown}
 U - a potion of berserk rage {unknown}
 V - a potion of haste {unknown}
 W - 2 potions of mutation {unknown}
 X - 2 potions of degeneration {unknown}
Miscellaneous
 z - a lamp of fire
Comestibles
 f - 7 rations


   Skills:
 + Level 10.9 Fighting
 - Level 1.4(2.0) Short Blades
 - Level 2.0(2.3) Long Blades
 - Level 2.0(2.5) Axes
 - Level 1.5(2.0) Maces & Flails
 - Level 1.5(2.1) Polearms
 + Level 10.9 Armour
 - Level 9.1 Shields
 - Level 2.0 Unarmed Combat
 + Level 8.4 Invocations
 + Level 9.2 Evocations


You had 11 spell levels left.
You didn't know any spells.
Your spell library contained the following spells:

 Spells                   Type           Power        Failure   Level  Hunger
 Confusing Touch          Hex            #.....       67%         1    ##.....
 Confuse                  Hex            #.......     96%         3    ####...
 Gell's Gravitas          Tloc           #.........   96%         3    ####...
 Petrify                  Tmut/Erth      #.......     100%        4    #####..
 Metabolic Englaciation   Hex/Ice        #.........   100%        5    ######.
 Yara's Violent Unravell  Hex/Tmut       #.........   100%        5    ######.


Dungeon Overview and Level Annotations

Branches:
Dungeon (8/15)             Temple (1/1) D:4            Lair (2/6) D:8
  Swamp (0/4) Lair:2      Ossuary (visited)         Volcano (visited)
  Snake: Lair:2-4    Spider: Lair:2-4

Altars:
Ashenzari
Cheibriados
Elyvilon
Fedhas
Gozag
Hepliaklqana
Kikubaaqudgha
Makhleb
Nemelex Xobeh
Okawaru
Qazlal
Ru
Sif Muna
Trog
Uskayaw
Vehumet
Wu Jian
Xom
Yredelemnul
Zin
The Shining One

Shops:
D:7 (


Innate Abilities, Weirdness & Mutations

You cannot be hasted, slowed, berserked, paralysed or teleported.
You can dig through walls and to a lower floor.
Your four strong arms can wield two-handed weapons with a shield.
You have a pair of large antennae on your head. (SInv)


Message History

* * * LOW HITPOINT WARNING * * *
The tyrant leech draws strength from your injuries!
You slash the tyrant leech! You burn the tyrant leech.
The tyrant leech is moderately wounded.
You block the tyrant leech's attack.
You closely miss the tyrant leech.
The tyrant leech is moderately wounded.
You feel much better. The tyrant leech closely misses you.
You miss the tyrant leech.
The tyrant leech is moderately wounded.
The tyrant leech bites you!
* * * LOW HITPOINT WARNING * * *
The tyrant leech draws strength from your injuries!
You hit the tyrant leech. You burn the tyrant leech.
The tyrant leech is moderately wounded.
The tyrant leech bites you but does no damage.
You miss the tyrant leech.
The tyrant leech is moderately wounded.
The tyrant leech bites you!!
You die...

,,,***,,,,*..*#.{##..♣♣≈≈≈≈≈≈≈,,♣
,,,,*,****##,*#{#####.♣♣≈≈≈≈≈,,**
**,,,** ***##.# ##.♣,,,**,,,*
*,,,** #.## ##.♣♣,,,,,,,* ,,,**
##.# #...♣♣♣,,,*** ,,** #{##
##.#..♣**** ,,,* ##.# #..#.# *,**
#w## #..#.# ,,* ##@# #>#..# *,**
### ##....# *,,******* #..P..#
,,*,**,*,###** #..P..##
*,.,,,,,,...,* #..#..P#
#...,,,,##.#** #..##.##
..#.**,,*).# #.###..#
..#.######.# #..##..#
..P.##.#...#### *##..##.##


You could see a tyrant leech.

Vanquished Creatures
  A fire dragon (Volcano)
  The ghost of VeryBadPlayer the Protected, a journeyman MiFi of Okawaru (Lair:1)
  4 hydras
  A lindwurm (Volcano)
  An obsidian statue (Volcano)
  A spiny frog (Lair:2)
  2 rime drakes
  A hippogriff (D:8)
  2 blink frogs (Lair:2)
  Sigmund (D:2)
  11 yaks (Lair:1)
  6 fire bats (Volcano)
  Grum (Lair:1)
  Menkaure (D:7)
  Edmund (D:4)
  A swamp worm (Lair:2)
  A hell hound (Volcano)
  2 porcupines (Lair:1)
  A water moccasin (Lair:1)
  3 ice beasts
  2 orc warriors
  A phantom (D:8)
  A black bear (D:8)
  A hornet zombie (D:7)
  2 ogres
  An eye of draining (D:8)
  3 wolves (Lair:1)
  4 centaurs
  2 crocodiles (Lair:1)
  A big kobold (D:8)
  6 bullfrogs
  2 scorpions
  5 killer bees (D:7)
  2 howler monkeys
  4 crimson imps
  5 lava snakes (Volcano)
  A bullfrog zombie (D:8)
  A bullfrog skeleton (D:8)
  5 hounds
  3 orc priests
  A centaur skeleton (D:4)
  2 orc wizards
  3 iguanas
  Natasha (thrice) (D:4)
  4 worker ants
  A big kobold zombie (Ossuary)
  A hound zombie (D:8)
  A hound skeleton (D:8)
  8 mummies (Ossuary)
  A howler monkey zombie (D:7)
  13 gnolls
  9 adders
  2 shadow imps (D:5)
  An ooze (D:5)
  An adder zombie (D:8)
  An adder skeleton (D:4)
  3 worms
  3 leopard geckos
  17 orcs
  2 ball pythons
  5 giant cockroaches
  2 gnoll zombies (Ossuary)
  3 goblins
  12 hobgoblins
  8 kobolds
  6 quokkas
  7 bats
  2 frilled lizards (D:2)
  2 hobgoblin zombies (Ossuary)
  3 kobold zombies (Ossuary)
  2 leopard gecko skeletons
  A quokka skeleton (D:6)
  8 rats
233 creatures vanquished.

Vanquished Creatures (others)
  A steam dragon (Volcano)
  4 fungi
  2 plants
7 creatures vanquished.

Grand Total: 240 creatures vanquished

Notes
Turn   | Place    | Note
-------+----------+-------------------------------------------
     0 | D:1      | Descartes the Formicid Fighter began the quest for the Orb.
     0 | D:1      | Reached XP level 1. HP: 18/18 MP: 1/1
   137 | D:1      | Found an iron altar of Okawaru.
   203 | D:1      | Reached XP level 2. HP: 2/24 MP: 2/2
   633 | D:1      | Reached XP level 3. HP: 30/30 MP: 3/3
  1942 | D:2      | Reached XP level 4. HP: 31/37 MP: 4/4
  2384 | D:2      | Reached skill level 5 in Shields
  2387 | D:2      | Reached XP level 5. HP: 30/42 MP: 5/5
  2688 | D:2      | Noticed Sigmund
  3256 | D:2      | Killed Sigmund
  3256 | D:2      | Reached XP level 6. HP: 37/50 MP: 6/6
  3950 | D:3      | Reached skill level 5 in Armour
  3950 | D:3      | Reached XP level 7. HP: 33/55 MP: 7/7
  3956 | D:3      | Reached skill level 5 in Fighting
  4426 | D:4      | Noticed Natasha
  4438 | D:4      | Killed Natasha
  4467 | D:4      | Noticed Natasha
  4474 | D:4      | Killed Natasha
  4810 | D:4      | Found a staircase to the Ecumenical Temple.
  4815 | Temple   | Entered the Ecumenical Temple
  5086 | D:4      | Noticed Edmund
  5104 | D:4      | Killed Edmund
  5104 | D:4      | Reached XP level 8. HP: 44/64 MP: 8/8
  5121 | D:4      | Noticed Natasha
  5123 | D:4      | Killed Natasha
  5574 | D:5      | Entered Level 5 of the Dungeon
  5700 | D:5      | Reached skill level 1 in Evocations
  6093 | D:5      | Found a white marble altar of Elyvilon.
  6109 | D:5      | Reached XP level 9. HP: 37/71 MP: 10/10
  6218 | D:5      | Found a sparkling altar of Nemelex Xobeh.
  6505 | D:6      | Found a stormy altar of Qazlal.
  6509 | D:6      | Found a glowing golden altar of the Shining One.
  6513 | D:6      | Became a worshipper of Qazlal Stormbringer
  6533 | D:6      | Identified a +2 pair of boots of running (You found it on
                  | level 6 of the Dungeon)
  7172 | D:7      | Found Tateed's Weapon Emporium.
  7228 | D:7      | Reached skill level 1 in Maces & Flails
  7228 | D:7      | Reached skill level 1 in Polearms
  7231 | D:7      | Reached skill level 1 in Long Blades
  7567 | D:7      | Got a polished dagger
  7568 | D:7      | Identified the +3 dagger "Miedelat" {pierce, +Blink rElec
                  | Str-3 Int+2} (You found it on level 7 of the Dungeon)
  7584 | D:7      | Noticed Menkaure
  7591 | D:7      | Killed Menkaure
  7917 | D:8      | Reached XP level 10. HP: 80/80 MP: 13/13
  7941 | D:8      | Found a sand-covered staircase.
  7945 | Ossuary  | Entered an ossuary
  7955 | Ossuary  | Reached * piety under Qazlal
  7955 | Ossuary  | Reached skill level 1 in Invocations
  7978 | Ossuary  | Reached skill level 1 in Short Blades
  8001 | Ossuary  | Reached skill level 5 in Evocations
  8358 | D:8      | Reached skill level 1 in Unarmed Combat
  8529 | D:8      | Reached ** piety under Qazlal
  8774 | D:8      | Found a staircase to the Lair.
  9188 | Lair:1   | Entered Level 1 of the Lair of Beasts
  9204 | Lair:1   | Noticed Grum
  9249 | Lair:1   | Killed Grum
  9527 | Lair:1   | Found a runed translucent door.
  9532 | Lair:1   | Noticed VeryBadPlayer's ghost (journeyman MiFi)
  9562 | Lair:1   | Killed VeryBadPlayer's ghost
  9562 | Lair:1   | Reached skill level 5 in Invocations
  9562 | Lair:1   | Reached XP level 11. HP: 68/89 MP: 14/16
  9569 | Lair:1   | Got a transparent glass ring
  9572 | Lair:1   | Identified the ring of the Mutiny {rF+ rC+ rCorr Str+2
                  | Dex+3} (You found it on level 1 of the Lair of Beasts)
  9584 | Lair:1   | Noticed a seven-headed hydra
  9618 | Lair:1   | Killed a one-headed hydra
 10233 | Lair:1   | Noticed a six-headed hydra
 10269 | Lair:1   | Killed a one-headed hydra
 10269 | Lair:1   | Reached skill level 10 in Armour
 10887 | Lair:2   | Reached skill level 10 in Fighting
 10911 | Lair:2   | Found a dark tunnel.
 10929 | Volcano  | Entered a volcano
 11151 | Volcano  | Noticed a lindwurm
 11153 | Volcano  | Noticed a fire dragon
 11157 | Volcano  | Killed a lindwurm
 11170 | Volcano  | Killed a fire dragon
 11170 | Volcano  | Reached XP level 12. HP: 27/98 MP: 18/18
 11533 | Volcano  | Found a burning altar of Makhleb.
 11759 | Lair:2   | Noticed an eight-headed hydra
 11773 | Lair:2   | Killed a one-headed hydra
 12121 | Lair:2   | Noticed a six-headed hydra
 12146 | Lair:2   | Reached *** piety under Qazlal
 12158 | Lair:2   | Killed a one-headed hydra
 12160 | Lair:2   | HP: 1/99 [tyrant leech (18)]
 12166 | Lair:2   | Mangled by a tyrant leech

Levels and vault maps discovered:
D:1:      arrival_zaba_pyramid, layout_basic, okawaru_ov_weapons_minmay
D:2:      layout_loops_corners, first_ration, serial_glass, glass_columns_a,
          glass_columns_b, uniq_sigmund
D:3:      layout_basic
D:4:      layout_basic, minmay_temple_entry_ruins, uniq_natasha, uniq_edmund
D:5:      layout_cave_pools, elyvilon_altar_3, basic_altar
D:6:      layout_basic, grunt_temple_overflow_open, minmay_strange_pillars
D:7:      layout_loops_ring, serial_shops, nicolae_shop_trees, uniq_menkaure
D:8:      layout_basic, lair_entry_dummy, nicolae_ossuary_entry_plus
Temple:   nicolae_temple_no_exploring_needed
Lair:1:   layout_long_grid, ebering_ghost_reflecting_pool, uniq_grum
Lair:2:   layout_loops_ring, palyth_hydra_swamp_entry,
          nicolae_volcano_entry_s_turn, st_stairs_7

Skill      XL: |  1  2  3  4  5  6  7  8  9 10 11 12 |
---------------+-------------------------------------+-----
Shields        | 4 5 6 8 9 |  9.1
Fighting       | 4 5 6 7 9 10 | 10.9
Armour         | 4 5 6 7 9 10 | 10.9
Evocations     | 2 4 6 8 9 |  9.2
Maces & Flails | 1 |  1.5
Polearms       | 1 |  1.5
Long Blades    | 2 |  2.0
Invocations    | 5 7 8 |  8.4
Short Blades   | 1 |  1.4
Unarmed Combat | 2 |  2.0
Axes           | |  2.0

Action                   |  1- 3 |  4- 6 |  7- 9 | 10-12 || total
-------------------------+-------+-------+-------+-------++-------
Melee: War axe           |    58 |   163 |    64 |       ||   285
       Battleaxe         |       |       |   140 |   323 ||   463
       Scimitar          |       |       |   178 |    96 ||   274
       Whip              |       |       |       |    41 ||    41
       Morningstar       |       |       |       |    26 ||    26
 Abil: Dig               |     1 |     8 |     3 |     8 ||    20
  Use: Scroll            |       |       |     6 |     6 ||    12
       Potion            |       |       |       |     6 ||     6
  Eat: Chunk             |     3 |     4 |    11 |    10 ||    28
       Ration            |       |     1 |     1 |     1 ||     3
Armor: Scale mail        |    19 |    36 |       |       ||    55
       Chain mail        |       |    30 |   123 |       ||   153
       Plate armour      |       |       |   119 |   295 ||   414
       Fire dragon scale |       |       |       |    44 ||    44
Dodge: Dodged            |    11 |    54 |   129 |   186 ||   380
Block: Shield            |    31 |   121 |   299 |   477 ||   928
       Rpst.: Scimitar   |       |       |    17 |     6 ||    23
